Toronto Maple Leafs vs San Jose Sharks
Created - Thursday, April 6, 2023 at 07:17
Goals
|
| Toronto Maple Leafs |
3 |
0 |
3 |
6 |
| San Jose Sharks |
0 |
2 |
1 |
3 |
|
Shots
|
| Toronto Maple Leafs |
15 |
18 |
8 |
41 |
| San Jose Sharks |
7 |
14 |
21 |
42 |
|
1st period
1. Toronto Maple Leafs , Sam Bennett 11 (Brady Tkachuk 18) at 0:06
2. Toronto Maple Leafs , Dougie Hamilton 6 (Mario Ferraro 8, Pierre Engvall 3) at 15:08
3. Toronto Maple Leafs , Andrew Mangiapane 8 (Trevor Zegras 10, Adam Henrique 8) at 18:08 (PP)
Penalties :
Michael Bunting (SJS) for Tripping (Minor) at 16:59
2nd period
4. San Jose Sharks , Ryan Strome 2 (Jakob Silfverberg 8, William Karlsson 15) at 11:14
5. San Jose Sharks , Jakob Silfverberg 6 (William Karlsson 16, Ryan Strome 4) at 14:43
Penalties :
Cody Ceci (TOR) for Slashing (Minor) at 0:50, Brady Tkachuk (TOR) for High sticking (Minor) at 6:22
3rd period
6. San Jose Sharks , Anthony DeAngelo 3 (Ryan Strome 5, William Karlsson 17) at 4:30
7. Toronto Maple Leafs , Andrew Mangiapane 9 (Adam Henrique 9, Mario Ferraro 9) at 8:02
8. Toronto Maple Leafs , Troy Terry 9 (Brady Tkachuk 19, Sam Bennett 12) at 8:30 (PP)
9. Toronto Maple Leafs , Trevor Zegras 7 (Cody Ceci 7, Troy Terry 10) at 15:47
Penalties :
Cam Talbot (TOR) for Slashing (Minor) at 0:04 - Adam Henrique served the penalty, Ryan Hartman (SJS) for Hooking (Minor) at 8:24, Luke Schenn (TOR) for Hooking (Minor) at 17:48
Goalie Stats
Cam Talbot (TOR), 39 saves from 42 shots - (0.929), W, 6-2-0, 60:00 minutes
Marc-Andre Fleury (SJS), 35 saves from 41 shots - (0.854), L, 6-9-0, 60:00 minutes
Players Stats for Toronto Maple Leafs
Player Name G A P +/- PIM S H SB GA TA FO MP PP MP PK MP
------------------------------------------------------------------------------------
Adam Henrique 0 2 2 1 0 6 1 0 1 0 11/19 18:23 0:48 1:02
Andrew Mangiapane 2 0 2 1 0 5 0 0 1 0 1/4 19:07 0:48 4:25
Brady Tkachuk 0 2 2 1 2 6 0 1 1 0 2/2 19:29 0:27 0:18
Cody Ceci 0 1 1 0 2 1 4 1 0 1 0/0 26:01 0:37 3:01
Craig Smith 0 0 0 0 0 5 1 0 0 0 1/2 9:19 0:00 0:00
Dougie Hamilton 1 0 1 3 0 1 2 1 1 0 0/0 15:24 0:38 0:11
Jonas Siegenthaler 0 0 0 -2 0 1 1 2 0 0 0/0 16:21 0:00 3:41
Josh Bailey 0 0 0 1 0 1 0 0 0 0 0/0 16:09 0:00 0:00
Kyle Okposo 0 0 0 1 0 1 3 2 0 1 0/1 17:32 0:00 1:20
Luke Schenn 0 0 0 -2 2 1 1 0 0 1 0/0 14:36 0:00 1:03
Mario Ferraro 0 2 2 3 0 1 2 0 0 1 0/0 25:44 0:37 4:15
Nicolas Roy 0 0 0 0 0 3 1 1 0 0 4/5 11:30 0:00 2:11
Pierre Engvall 0 1 1 0 0 2 0 0 0 1 0/0 11:30 0:00 2:11
Ryan Pulock 0 0 0 0 0 1 0 3 0 0 0/0 21:55 0:38 3:41
Sam Bennett 1 1 2 1 0 4 2 1 3 0 20/26 16:36 0:27 0:00
Scott Laughton 0 0 0 -1 0 0 0 1 0 0 6/11 13:34 0:00 4:25
Trevor Zegras 1 1 2 -1 0 1 1 0 1 0 0/0 9:36 0:48 0:00
Troy Terry 1 1 2 -1 0 1 0 0 0 1 0/0 9:15 0:27 0:00
Players Stats for San Jose Sharks
Player Name G A P +/- PIM S H SB GA TA FO MP PP MP PK MP
------------------------------------------------------------------------------------
Andreas Athanasiou 0 0 0 0 0 2 0 0 0 0 4/17 13:06 0:00 0:00
Anthony DeAngelo 1 0 1 2 0 2 0 1 0 0 0/0 21:31 3:55 0:30
David Savard 0 0 0 -2 0 1 2 1 1 1 0/0 22:34 4:01 0:45
Derek Forbort 0 0 0 -2 0 1 2 1 0 1 0/0 22:34 4:01 0:45
Henri Jokiharju 0 0 0 2 0 1 0 1 0 1 0/0 22:17 3:55 0:30
Jakob Silfverberg 1 1 2 2 0 7 3 1 1 0 0/1 19:05 3:56 0:00
Jesper Fast 0 0 0 0 0 4 0 1 0 0 1/1 13:06 0:00 0:00
Michael Bunting 0 0 0 0 2 3 2 0 0 0 0/0 13:05 0:00 0:00
Nick Paul 0 0 0 -1 0 0 2 0 1 0 0/0 18:32 4:00 0:00
Oliver Bjorkstrand 0 0 0 -1 0 2 1 0 1 1 0/4 19:05 4:00 0:33
Oskar Sundqvist 0 0 0 -2 0 2 3 0 0 1 2/3 8:48 0:00 0:00
Ryan Hartman 0 0 0 -1 2 1 2 2 0 1 9/22 19:13 4:00 0:42
Ryan Strome 1 2 3 2 0 8 0 0 1 1 9/19 19:01 3:56 0:42
Slater Koekkoek 0 0 0 -1 0 1 1 2 0 0 0/0 15:09 0:00 0:00
Sonny Milano 0 0 0 -2 0 3 0 0 0 0 0/2 8:48 0:00 0:00
Tanner Pearson 0 0 0 -2 0 2 0 0 0 0 0/0 8:48 0:00 0:00
Tobias Bjornfot 0 0 0 -1 0 0 0 0 0 1 0/0 15:09 0:00 0:00
William Karlsson 0 3 3 2 0 2 1 0 1 0 0/1 18:52 3:56 0:33
3 Stars
1 - Andrew Mangiapane (TOR)
2 - Dougie Hamilton (TOR)
3 - Sam Bennett (TOR)
Power Play
Toronto Maple Leafs - 2 on 2 Attempt(s) - 100.00%
San Jose Sharks - 0 on 4 Attempt(s) - 0.00%
Penalty Kill
Toronto Maple Leafs - 4 on 4 Attempt(s) - 100.00%
- Score 0 goal in Penalty Kill
San Jose Sharks - 0 on 2 Attempt(s) - 0.00%
- Score 0 goal in Penalty Kill
Team Stat
Toronto Maple Leafs - Hits : 19 - Faceoff Wins : 45 - Blocked Shots : 13 - Penalty Minutes : 8
San Jose Sharks - Hits : 19 - Faceoff Wins : 25 - Blocked Shots : 10 - Penalty Minutes : 4
Official
Referees : Kyle Rehman and Dan O'Halloran
Linesman : Jonny Murray and Brandon Gawryletz
Game Notes
Dougie Hamilton is injured at 9:26 of 3rd period (Bruised Left Leg)
Finance
Level 1 -- Attendance: 5523 (92.05%) -- Ticket Income $535,731
Level 2 -- Attendance: 5000 (100.00%) -- Ticket Income $285,000
Level 3 -- Attendance: 2702 (90.07%) -- Ticket Income $89,166
Level 4 -- Attendance: 4479 (89.58%) -- Ticket Income $98,538
Luxury Box -- Attendance: 1000 (100.00%) -- Ticket Income $193,000
Game was played at the SAP Center at San Jose.
Total Attendance: 18704 (93.52%)
Total Ticket Income: $1,201,435
Other Income: $420,502
Total Income: $1,621,937
Toronto Maple Leafs
5 vs 5 Forward
Center Left Wing Right Wing Time % Phy DF OF
1 Sam Bennett Brady Tkachuk Josh Bailey 40 1 2 2
2 Adam Henrique Andrew Mangiapane Kyle Okposo 30 1 2 2
3 Scott Laughton Trevor Zegras Troy Terry 20 1 2 2
4 Nicolas Roy Pierre Engvall Craig Smith 10 1 2 2
5 vs 5 Defense
Defense Defense Time % Phy DF OF
1 Dougie Hamilton Mario Ferraro 40 1 2 2
2 Ryan Pulock Cody Ceci 30 1 2 2
3 Luke Schenn Jonas Siegenthaler 20 1 2 2
4 Ryan Pulock Cody Ceci 10 1 2 2
PowerPlay Forward
Center Left Wing Right Wing Time % Phy DF OF
1 Sam Bennett Brady Tkachuk Troy Terry 60 1 2 2
2 Adam Henrique Trevor Zegras Andrew Mangiapane 40 1 2 2
PowerPlay Defense
Defense Defense Time % Phy DF OF
1 Dougie Hamilton Ryan Pulock 60 1 2 2
2 Cody Ceci Mario Ferraro 40 1 2 2
Penalty Kill 4 Players Forward
Center Wing Time % Phy DF OF
1 Scott Laughton Andrew Mangiapane 60 1 2 2
2 Nicolas Roy Pierre Engvall 40 1 2 2
Penalty Kill 4 Players Defense
Defense Defense Time % Phy DF OF
1 Mario Ferraro Cody Ceci 60 1 2 2
2 Ryan Pulock Jonas Siegenthaler 40 1 2 2
Penalty Kill - 3 Players Forward
Forward Time % Phy DF OF
1 Scott Laughton 60 1 2 2
2 Nicolas Roy 40 1 2 2
Penalty Kill - 3 Players Defense
Defense Defense Time % Phy DF OF
1 Mario Ferraro Cody Ceci 60 1 2 2
2 Jonas Siegenthaler Ryan Pulock 40 1 2 2
4 vs 4 Forward
Center Wing Time % Phy DF OF
1 Adam Henrique Andrew Mangiapane 60 1 2 2
2 Sam Bennett Brady Tkachuk 40 1 2 2
4 vs 4 Defense
Defense Defense Time % Phy DF OF
1 Ryan Pulock Cody Ceci 60 1 2 2
2 Dougie Hamilton Mario Ferraro 40 1 2 2
Last Minutes Offensive
Center Left Wing Right Wing Defense Defense
Sam Bennett Brady Tkachuk Troy Terry Dougie Hamilton Ryan Pulock
Last Minutes Defensive
Center Left Wing Right Wing Defense Defense
Scott Laughton Andrew Mangiapane Kyle Okposo Mario Ferraro Cody Ceci
Goaltenders
Starting : Cam Talbot
Backup : James Reimer
Extra Forwards
Normal : Nicolas Roy, Craig Smith, Pierre Engvall - PP : Kyle Okposo, Josh Bailey - PK : Kyle Okposo
Extra Defensemen
Normal : Jonas Siegenthaler, Luke Schenn, Cody Ceci - PP : Jonas Siegenthaler - PK : Luke Schenn, Dougie Hamilton
Penalty Shots
Trevor Zegras, Dougie Hamilton, Nicolas Roy, Kyle Okposo, Josh Bailey
San Jose Sharks
5 vs 5 Forward
Center Left Wing Right Wing Time % Phy DF OF
1 Ryan Hartman Oliver Bjorkstrand Nick Paul 30 1 2 2
2 Ryan Strome William Karlsson Jakob Silfverberg 30 1 2 2
3 Andreas Athanasiou Michael Bunting Jesper Fast 25 1 2 2
4 Oskar Sundqvist Tanner Pearson Sonny Milano 15 1 2 2
5 vs 5 Defense
Defense Defense Time % Phy DF OF
1 David Savard Derek Forbort 35 1 2 2
2 Anthony DeAngelo Henri Jokiharju 35 1 2 2
3 Tobias Bjornfot Slater Koekkoek 30 1 2 2
4 David Savard Derek Forbort 0 1 2 2
PowerPlay Forward
Center Left Wing Right Wing Time % Phy DF OF
1 Ryan Hartman Oliver Bjorkstrand Nick Paul 50 1 2 2
2 Ryan Strome William Karlsson Jakob Silfverberg 50 1 2 2
PowerPlay Defense
Defense Defense Time % Phy DF OF
1 David Savard Derek Forbort 50 1 2 2
2 Anthony DeAngelo Henri Jokiharju 50 1 2 2
Penalty Kill 4 Players Forward
Center Wing Time % Phy DF OF
1 Ryan Hartman Ryan Strome 50 1 2 2
2 Oliver Bjorkstrand William Karlsson 50 1 2 2
Penalty Kill 4 Players Defense
Defense Defense Time % Phy DF OF
1 David Savard Derek Forbort 50 1 2 2
2 Anthony DeAngelo Henri Jokiharju 50 1 2 2
Penalty Kill - 3 Players Forward
Forward Time % Phy DF OF
1 Ryan Hartman 50 1 2 2
2 Ryan Strome 50 1 2 2
Penalty Kill - 3 Players Defense
Defense Defense Time % Phy DF OF
1 David Savard Derek Forbort 50 1 2 2
2 Anthony DeAngelo Henri Jokiharju 50 1 2 2
4 vs 4 Forward
Center Wing Time % Phy DF OF
1 Ryan Hartman Ryan Strome 50 1 2 2
2 Oliver Bjorkstrand William Karlsson 50 1 2 2
4 vs 4 Defense
Defense Defense Time % Phy DF OF
1 David Savard Derek Forbort 50 1 2 2
2 Anthony DeAngelo Henri Jokiharju 50 1 2 2
Last Minutes Offensive
Center Left Wing Right Wing Defense Defense
Ryan Hartman Oliver Bjorkstrand Nick Paul David Savard Derek Forbort
Last Minutes Defensive
Center Left Wing Right Wing Defense Defense
Ryan Hartman Oliver Bjorkstrand Nick Paul David Savard Derek Forbort
Goaltenders
Starting : Marc-Andre Fleury
Backup : Malcolm Subban
Extra Forwards
Normal : Sonny Milano, Michael Bunting, Tanner Pearson - PP : Sonny Milano, Michael Bunting - PK : Tanner Pearson
Extra Defensemen
Normal : Tobias Bjornfot, Slater Koekkoek, Anthony DeAngelo - PP : Tobias Bjornfot - PK : Slater Koekkoek, Anthony DeAngelo
Penalty Shots
Ryan Hartman, Ryan Strome, Oliver Bjorkstrand, William Karlsson, Nick Paul
% Time on Ice - Toronto Maple Leafs
Lines # - Real PCT - Wanted PCT - Time Play
Normal Forward
1 - 38% - 40% - 19:09
2 - 27% - 30% - 13:33
3 - 17% - 20% - 8:48
4 - 18% - 10% - 9:19
Normal Defense
1 - 41% - 40% - 20:59
2 - 29% - 30% - 14:30
3 - 22% - 20% - 11:05
4 - 8% - 10% - 4:15
PP Forward
1 - 36% - 60% - 0:27
2 - 64% - 40% - 0:48
PP Defense
1 - 51% - 60% - 0:38
2 - 49% - 40% - 0:37
PK Forward
1 - 72% - 60% - 5:45
2 - 28% - 40% - 2:11
PK Defense
1 - 54% - 60% - 4:15
2 - 46% - 40% - 3:41
PK3 Forward
1 - 0% - 60%
2 - 0% - 40%
PK3 Defense
1 - 0% - 60%
2 - 0% - 40%
44 Forward
1 - 0% - 60%
2 - 0% - 40%
44 Defense
1 - 0% - 60%
2 - 0% - 40%
Last Minute Offensive - 0:00
Last Minute Defensive - 0:00
Total
Forward - 60:00
Defense - 60:00
|
% Time on Ice - San Jose Sharks
Lines # - Real PCT - Wanted PCT - Time Play
Normal Forward
1 - 29% - 30% - 14:32
2 - 28% - 30% - 14:23
3 - 26% - 25% - 13:06
4 - 17% - 15% - 8:48
Normal Defense
1 - 35% - 35% - 17:48
2 - 35% - 35% - 17:52
3 - 30% - 30% - 15:09
4 - 0% - 0% - 0:00
PP Forward
1 - 50% - 50% - 4:00
2 - 50% - 50% - 3:56
PP Defense
1 - 51% - 50% - 4:01
2 - 49% - 50% - 3:55
PK Forward
1 - 56% - 50% - 0:42
2 - 44% - 50% - 0:33
PK Defense
1 - 60% - 50% - 0:45
2 - 40% - 50% - 0:30
PK3 Forward
1 - 0% - 50%
2 - 0% - 50%
PK3 Defense
1 - 0% - 50%
2 - 0% - 50%
44 Forward
1 - 0% - 50%
2 - 0% - 50%
44 Defense
1 - 0% - 50%
2 - 0% - 50%
Last Minute Offensive - 0:00
Last Minute Defensive - 0:00
Total
Forward - 60:00
Defense - 60:00
|
Play-by-Play
1st period
0:01 of 1st period - Sam Bennett wins face-off versus Oliver Bjorkstrand in neutral zone.
0:04 of 1st period - Snap shot by Brady Tkachuk.
0:04 of 1st period - Deflect By Sam Bennett.
0:04 of 1st period - Stopped by Marc-Andre Fleury with a rebound.
0:06 of 1st period - Wrist shot by Sam Bennett.
0:06 of 1st period - Goal by Sam Bennett - Toronto Maple Leafs : 1 - San Jose Sharks : 0.
0:07 of 1st period - Adam Henrique wins face-off versus Ryan Strome in neutral zone.
0:33 of 1st period - Jesper Fast is hit by Cody Ceci.
2:13 of 1st period - Icing by Tobias Bjornfot.
2:14 of 1st period - Scott Laughton wins face-off versus Sonny Milano in San Jose Sharks zone.
2:39 of 1st period - David Savard is hit by Cody Ceci and loses puck.
3:31 of 1st period - Snap shot by Sonny Milano.
3:31 of 1st period - Shot Blocked by Jonas Siegenthaler.
3:33 of 1st period - Slapshot by David Savard.
3:33 of 1st period - Stopped by Cam Talbot with a rebound.
3:53 of 1st period - Snap shot by Brady Tkachuk.
3:53 of 1st period - Stopped by Marc-Andre Fleury with a rebound.
4:03 of 1st period - Dougie Hamilton is hit by Michael Bunting and loses puck.
5:05 of 1st period - Derek Forbort is hit by Cody Ceci and loses puck.
5:44 of 1st period - Oskar Sundqvist is hit by Luke Schenn and loses puck.
6:25 of 1st period - Jakob Silfverberg is hit by Mario Ferraro and loses puck.
6:30 of 1st period - Snap shot by Adam Henrique.
6:30 of 1st period - Stopped by Marc-Andre Fleury with a rebound.
6:32 of 1st period - Snap shot by Andrew Mangiapane.
6:32 of 1st period - Shot Misses the Net.
6:34 of 1st period - Slapshot by Cody Ceci.
6:34 of 1st period - Shot Misses the Net.
6:54 of 1st period - Jonas Siegenthaler is hit by Derek Forbort and loses puck.
7:28 of 1st period - Brady Tkachuk is hit by Ryan Hartman and loses puck.
7:57 of 1st period - Wrist shot by Sam Bennett.
7:57 of 1st period - Shot Misses the Net.
8:04 of 1st period - Slapshot by Brady Tkachuk.
8:04 of 1st period - Deflect By Nick Paul.
8:04 of 1st period - Shot Blocked by Jakob Silfverberg.
8:04 of 1st period - Puck is out of play.
8:05 of 1st period - Adam Henrique wins face-off versus Andreas Athanasiou in San Jose Sharks zone.
8:06 of 1st period - Snap shot by Andrew Mangiapane.
8:06 of 1st period - Stopped by Marc-Andre Fleury without a rebound.
8:07 of 1st period - Andreas Athanasiou wins face-off versus Kyle Okposo in San Jose Sharks zone.
8:12 of 1st period - Snap shot by Michael Bunting.
8:12 of 1st period - Shot Misses the Net.
8:14 of 1st period - Wrist shot by Andreas Athanasiou.
8:14 of 1st period - Stopped by Cam Talbot with a rebound.
8:16 of 1st period - Wrist shot by David Savard.
8:16 of 1st period - Shot Blocked by Kyle Okposo.
8:18 of 1st period - Slapshot by Derek Forbort.
8:18 of 1st period - Deflect By Adam Henrique.
8:18 of 1st period - Stopped by Cam Talbot without a rebound.
8:19 of 1st period - Adam Henrique wins face-off versus Ryan Strome in Toronto Maple Leafs zone.
8:44 of 1st period - Jakob Silfverberg is hit by Craig Smith.
9:31 of 1st period - Dougie Hamilton is hit by Slater Koekkoek and loses puck.
9:52 of 1st period - Wrist shot by Tanner Pearson.
9:52 of 1st period - Shot Misses the Net.
9:54 of 1st period - Wrist shot by Tanner Pearson.
9:54 of 1st period - Stopped by Cam Talbot without a rebound.
9:55 of 1st period - Oskar Sundqvist wins face-off versus Sam Bennett in Toronto Maple Leafs zone.
10:10 of 1st period - Slapshot by Sam Bennett.
10:10 of 1st period - Shot Misses the Net.
10:49 of 1st period - Off-side.
10:50 of 1st period - Sam Bennett wins face-off versus Andreas Athanasiou in neutral zone.
11:05 of 1st period - Snap shot by Andreas Athanasiou.
11:05 of 1st period - Shot Misses the Net.
11:24 of 1st period - Snap shot by William Karlsson.
11:24 of 1st period - Shot Misses the Net.
11:42 of 1st period - Pierre Engvall is hit by Ryan Hartman and loses puck.
12:52 of 1st period - Wrist shot by Sonny Milano.
12:52 of 1st period - Stopped by Cam Talbot without a rebound.
12:53 of 1st period - Adam Henrique wins face-off versus Ryan Strome in Toronto Maple Leafs zone.
13:33 of 1st period - Snap shot by Michael Bunting.
13:33 of 1st period - Shot Misses the Net.
13:40 of 1st period - Icing by Luke Schenn.
13:41 of 1st period - Ryan Hartman wins face-off versus Andrew Mangiapane in Toronto Maple Leafs zone.
14:18 of 1st period - Snap shot by Sam Bennett.
14:18 of 1st period - Shot Blocked by Slater Koekkoek.
14:20 of 1st period - Slapshot by Jonas Siegenthaler.
14:20 of 1st period - Shot Misses the Net.
14:50 of 1st period - Slapshot by Ryan Strome.
14:50 of 1st period - Shot Misses the Net.
15:02 of 1st period - Slapshot by Craig Smith.
15:02 of 1st period - Deflect By Pierre Engvall.
15:02 of 1st period - Stopped by Marc-Andre Fleury with a rebound.
15:04 of 1st period - Wrist shot by Pierre Engvall.
15:04 of 1st period - Stopped by Marc-Andre Fleury with a rebound.
15:06 of 1st period - Slapshot by Mario Ferraro.
15:06 of 1st period - Shot Blocked by Slater Koekkoek.
15:08 of 1st period - Slapshot by Dougie Hamilton.
15:08 of 1st period - Goal by Dougie Hamilton - Toronto Maple Leafs : 2 - San Jose Sharks : 0.
15:09 of 1st period - Sam Bennett wins face-off versus Ryan Hartman in neutral zone.
15:24 of 1st period - Snap shot by Sam Bennett.
15:24 of 1st period - Stopped by Marc-Andre Fleury without a rebound.
15:25 of 1st period - Andreas Athanasiou wins face-off versus Scott Laughton in San Jose Sharks zone.
16:13 of 1st period - Snap shot by Kyle Okposo.
16:13 of 1st period - Deflect By Adam Henrique.
16:13 of 1st period - Stopped by Marc-Andre Fleury with a rebound.
16:33 of 1st period - Wrist shot by Ryan Strome.
16:33 of 1st period - Shot Misses the Net.
16:35 of 1st period - Snap shot by David Savard.
16:35 of 1st period - Shot Misses the Net.
16:37 of 1st period - Wrist shot by Jakob Silfverberg.
16:37 of 1st period - Stopped by Cam Talbot without a rebound.
16:38 of 1st period - Andreas Athanasiou wins face-off versus Sam Bennett in Toronto Maple Leafs zone.
16:59 of 1st period - Minor Penalty to Michael Bunting for Tripping.
17:00 of 1st period - Ryan Hartman wins face-off versus Sam Bennett in San Jose Sharks zone.
17:13 of 1st period - Slapshot by Sam Bennett.
17:13 of 1st period - Shot Blocked by David Savard.
17:34 of 1st period - Oliver Bjorkstrand is hit by Dougie Hamilton and loses puck.
17:51 of 1st period - Snap shot by Adam Henrique.
17:51 of 1st period - Shot Misses the Net.
18:01 of 1st period - Ryan Hartman is hit by Adam Henrique and loses puck.
18:08 of 1st period - Snap shot by Andrew Mangiapane.
18:08 of 1st period - Goal by Andrew Mangiapane - Toronto Maple Leafs : 3 - San Jose Sharks : 0.
18:09 of 1st period - Sam Bennett wins face-off versus Ryan Hartman in neutral zone.
18:57 of 1st period - Slapshot by Kyle Okposo.
18:57 of 1st period - Stopped by Marc-Andre Fleury with a rebound.
19:27 of 1st period - Wrist shot by Tanner Pearson.
19:27 of 1st period - Stopped by Cam Talbot without a rebound.
19:28 of 1st period - Brady Tkachuk wins face-off versus Ryan Hartman in Toronto Maple Leafs zone.
19:33 of 1st period - Snap shot by Brady Tkachuk.
19:33 of 1st period - Stopped by Marc-Andre Fleury with a rebound.
19:35 of 1st period - Snap shot by Jonas Siegenthaler.
19:35 of 1st period - Deflect By Oliver Bjorkstrand.
19:35 of 1st period - Stopped by Marc-Andre Fleury without a rebound.
19:36 of 1st period - Sam Bennett wins face-off versus Ryan Hartman in San Jose Sharks zone.
19:39 of 1st period - Wrist shot by Brady Tkachuk.
19:39 of 1st period - Stopped by Marc-Andre Fleury without a rebound.
19:40 of 1st period - Ryan Hartman wins face-off versus Sam Bennett in San Jose Sharks zone.
Goals for this period are 3 for Toronto Maple Leafs vs 0 for San Jose Sharks.
Shots for this period are 15 for Toronto Maple Leafs vs 7 for San Jose Sharks.
2nd period
0:01 of 2nd period - Sam Bennett wins face-off versus Andreas Athanasiou in neutral zone.
0:06 of 2nd period - Snap shot by Sam Bennett.
0:06 of 2nd period - Stopped by Marc-Andre Fleury without a rebound.
0:07 of 2nd period - Sam Bennett wins face-off versus Andreas Athanasiou in San Jose Sharks zone.
0:10 of 2nd period - Snap shot by Sam Bennett.
0:10 of 2nd period - Shot Blocked by Jesper Fast.
0:12 of 2nd period - Slapshot by Cody Ceci.
0:12 of 2nd period - Stopped by Marc-Andre Fleury without a rebound.
0:13 of 2nd period - Sam Bennett wins face-off versus Ryan Strome in San Jose Sharks zone.
0:20 of 2nd period - Snap shot by Ryan Strome.
0:20 of 2nd period - Deflect By William Karlsson.
0:20 of 2nd period - Shot Misses the Net.
0:20 of 2nd period - Puck is out of play.
0:21 of 2nd period - Sam Bennett wins face-off versus William Karlsson in Toronto Maple Leafs zone.
0:27 of 2nd period - Off-side.
0:28 of 2nd period - Sam Bennett wins face-off versus Ryan Hartman in neutral zone.
0:50 of 2nd period - Minor Penalty to Cody Ceci for Slashing.
0:51 of 2nd period - Scott Laughton wins face-off versus Ryan Hartman in Toronto Maple Leafs zone.
2:08 of 2nd period - Mario Ferraro is hit by Nick Paul and loses puck.
2:41 of 2nd period - Nick Paul is hit by Mario Ferraro and loses puck.
2:50 of 2nd period - Penalty to Cody Ceci is over, Cody Ceci is back on ice.
3:08 of 2nd period - Snap shot by Andreas Athanasiou.
3:08 of 2nd period - Shot Blocked by Ryan Pulock.
3:31 of 2nd period - Cody Ceci is hit by Oskar Sundqvist and loses puck.
4:48 of 2nd period - Adam Henrique is hit by Jakob Silfverberg and loses puck.
5:03 of 2nd period - Wrist shot by Nicolas Roy.
5:03 of 2nd period - Deflect By Pierre Engvall.
5:03 of 2nd period - Shot Misses the Net.
5:03 of 2nd period - Puck is out of play.
5:04 of 2nd period - Craig Smith wins face-off versus Ryan Hartman in San Jose Sharks zone.
5:14 of 2nd period - Cody Ceci is hit by Nick Paul and loses puck.
5:37 of 2nd period - Wrist shot by Andreas Athanasiou.
5:37 of 2nd period - Stopped by Cam Talbot without a rebound.
5:38 of 2nd period - Sam Bennett wins face-off versus Jakob Silfverberg in Toronto Maple Leafs zone.
6:17 of 2nd period - Wrist shot by Ryan Strome.
6:17 of 2nd period - Shot Hit the Post.
6:19 of 2nd period - Snap shot by Jakob Silfverberg.
6:19 of 2nd period - Stopped by Cam Talbot without a rebound.
6:20 of 2nd period - Sam Bennett wins face-off versus Oliver Bjorkstrand in Toronto Maple Leafs zone.
6:22 of 2nd period - Minor Penalty to Brady Tkachuk for High sticking.
6:23 of 2nd period - Scott Laughton wins face-off versus Ryan Hartman in Toronto Maple Leafs zone.
6:31 of 2nd period - Snap shot by Anthony DeAngelo.
6:31 of 2nd period - Stopped by Cam Talbot without a rebound.
6:32 of 2nd period - Ryan Hartman wins face-off versus Andrew Mangiapane in Toronto Maple Leafs zone.
6:45 of 2nd period - Wrist shot by Oliver Bjorkstrand.
6:45 of 2nd period - Shot Misses the Net.
6:53 of 2nd period - Snap shot by Oliver Bjorkstrand.
6:53 of 2nd period - Deflect By Andrew Mangiapane.
6:53 of 2nd period - Shot Misses the Net.
6:53 of 2nd period - Puck is out of play.
6:54 of 2nd period - Scott Laughton wins face-off versus Ryan Strome in Toronto Maple Leafs zone.
6:54 of 2nd period - Scott Laughton is hit by David Savard.
7:18 of 2nd period - Pierre Engvall is hit by Derek Forbort and loses puck.
7:27 of 2nd period - Wrist shot by Oliver Bjorkstrand.
7:27 of 2nd period - Stopped by Cam Talbot with a rebound.
7:55 of 2nd period - Ryan Strome is hit by Jonas Siegenthaler and loses puck.
8:22 of 2nd period - Penalty to Brady Tkachuk is over, Brady Tkachuk is back on ice.
9:17 of 2nd period - Wrist shot by Brady Tkachuk.
9:17 of 2nd period - Shot Misses the Net.
9:19 of 2nd period - Slapshot by Mario Ferraro.
9:19 of 2nd period - Stopped by Marc-Andre Fleury with a rebound.
9:21 of 2nd period - Wrist shot by Kyle Okposo.
9:21 of 2nd period - Shot Blocked by Ryan Hartman.
9:23 of 2nd period - Snap shot by Brady Tkachuk.
9:23 of 2nd period - Shot Misses the Net.
9:29 of 2nd period - Wrist shot by Adam Henrique.
9:29 of 2nd period - Stopped by Marc-Andre Fleury with a rebound.
9:35 of 2nd period - Wrist shot by Brady Tkachuk.
9:35 of 2nd period - Stopped by Marc-Andre Fleury with a rebound.
9:53 of 2nd period - Snap shot by Adam Henrique.
9:53 of 2nd period - Shot Misses the Net.
10:43 of 2nd period - Snap shot by Ryan Hartman.
10:43 of 2nd period - Stopped by Cam Talbot with a rebound.
10:55 of 2nd period - Snap shot by Adam Henrique.
10:55 of 2nd period - Stopped by Marc-Andre Fleury with a rebound.
10:57 of 2nd period - Snap shot by Brady Tkachuk.
10:57 of 2nd period - Stopped by Marc-Andre Fleury without a rebound.
10:58 of 2nd period - Ryan Strome wins face-off versus Scott Laughton in San Jose Sharks zone.
10:58 of 2nd period - Ryan Strome is hit by Trevor Zegras.
11:06 of 2nd period - Snap shot by Ryan Strome.
11:06 of 2nd period - Stopped by Cam Talbot with a rebound.
11:08 of 2nd period - Wrist shot by Jakob Silfverberg.
11:08 of 2nd period - Stopped by Cam Talbot with a rebound.
11:10 of 2nd period - Backhand shot by Jakob Silfverberg.
11:10 of 2nd period - Stopped by Cam Talbot with a rebound.
11:12 of 2nd period - Snap shot by Jakob Silfverberg.
11:12 of 2nd period - Stopped by Cam Talbot with a rebound.
11:14 of 2nd period - Slapshot by Ryan Strome.
11:14 of 2nd period - Goal by Ryan Strome - Toronto Maple Leafs : 3 - San Jose Sharks : 1.
11:15 of 2nd period - Scott Laughton wins face-off versus Ryan Strome in neutral zone.
11:20 of 2nd period - Snap shot by Trevor Zegras.
11:20 of 2nd period - Shot Blocked by Henri Jokiharju.
11:22 of 2nd period - Slapshot by Jonas Siegenthaler.
11:22 of 2nd period - Deflect By Trevor Zegras.
11:22 of 2nd period - Shot Misses the Net.
11:22 of 2nd period - Puck is out of play.
11:23 of 2nd period - Ryan Strome wins face-off versus Scott Laughton in San Jose Sharks zone.
12:02 of 2nd period - Snap shot by William Karlsson.
12:02 of 2nd period - Shot Misses the Net.
12:13 of 2nd period - Icing by Anthony DeAngelo.
12:14 of 2nd period - Nicolas Roy wins face-off versus Ryan Strome in San Jose Sharks zone.
12:17 of 2nd period - Wrist shot by Nicolas Roy.
12:17 of 2nd period - Shot Blocked by Anthony DeAngelo.
12:19 of 2nd period - Snap shot by Nicolas Roy.
12:19 of 2nd period - Stopped by Marc-Andre Fleury with a rebound.
12:29 of 2nd period - Snap shot by Craig Smith.
12:29 of 2nd period - Stopped by Marc-Andre Fleury without a rebound.
12:30 of 2nd period - Nicolas Roy wins face-off versus Andreas Athanasiou in San Jose Sharks zone.
12:33 of 2nd period - Wrist shot by Craig Smith.
12:33 of 2nd period - Stopped by Marc-Andre Fleury without a rebound.
12:34 of 2nd period - Nicolas Roy wins face-off versus Andreas Athanasiou in San Jose Sharks zone.
12:39 of 2nd period - Snap shot by Nicolas Roy.
12:39 of 2nd period - Stopped by Marc-Andre Fleury without a rebound.
12:40 of 2nd period - Andreas Athanasiou wins face-off versus Craig Smith in San Jose Sharks zone.
13:26 of 2nd period - Wrist shot by Craig Smith.
13:26 of 2nd period - Stopped by Marc-Andre Fleury with a rebound.
13:36 of 2nd period - Slapshot by Nicolas Roy.
13:36 of 2nd period - Shot Misses the Net.
13:46 of 2nd period - Snap shot by Michael Bunting.
13:46 of 2nd period - Deflect By Jesper Fast.
13:46 of 2nd period - Shot Misses the Net.
13:46 of 2nd period - Puck is out of play.
13:47 of 2nd period - Adam Henrique wins face-off versus Sonny Milano in Toronto Maple Leafs zone.
13:47 of 2nd period - Adam Henrique is hit by Oskar Sundqvist.
14:03 of 2nd period - Backhand shot by Sonny Milano.
14:03 of 2nd period - Stopped by Cam Talbot with a rebound.
14:30 of 2nd period - Sam Bennett is hit by Jakob Silfverberg and loses puck.
14:41 of 2nd period - Snap shot by William Karlsson.
14:41 of 2nd period - Shot Blocked by Ryan Pulock.
14:43 of 2nd period - Snap shot by Jakob Silfverberg.
14:43 of 2nd period - Goal by Jakob Silfverberg - Toronto Maple Leafs : 3 - San Jose Sharks : 2.
14:44 of 2nd period - Adam Henrique wins face-off versus Andreas Athanasiou in neutral zone.
15:46 of 2nd period - Wrist shot by Sonny Milano.
15:46 of 2nd period - Shot Misses the Net.
15:48 of 2nd period - Wrist shot by Oskar Sundqvist.
15:48 of 2nd period - Shot Blocked by Ryan Pulock.
15:50 of 2nd period - Wrist shot by Tanner Pearson.
15:50 of 2nd period - Shot Blocked by Nicolas Roy.
15:52 of 2nd period - Slapshot by Oskar Sundqvist.
15:52 of 2nd period - Shot Misses the Net.
15:54 of 2nd period - Slapshot by Derek Forbort.
15:54 of 2nd period - Shot Blocked by Cody Ceci.
15:56 of 2nd period - Wrist shot by Tanner Pearson.
15:56 of 2nd period - Shot Misses the Net.
15:58 of 2nd period - Wrist shot by David Savard.
15:58 of 2nd period - Deflect By Sonny Milano.
15:58 of 2nd period - Shot Hit the Post.
15:58 of 2nd period - Puck is out of play.
15:59 of 2nd period - Ryan Strome wins face-off versus Adam Henrique in Toronto Maple Leafs zone.
16:08 of 2nd period - Snap shot by Ryan Strome.
16:08 of 2nd period - Stopped by Cam Talbot without a rebound.
16:09 of 2nd period - Ryan Strome wins face-off versus Adam Henrique in Toronto Maple Leafs zone.
16:12 of 2nd period - Wrist shot by William Karlsson.
16:12 of 2nd period - Shot Blocked by Jonas Siegenthaler.
16:20 of 2nd period - Ryan Strome is hit by Kyle Okposo and loses puck.
16:55 of 2nd period - Snap shot by Andrew Mangiapane.
16:55 of 2nd period - Stopped by Marc-Andre Fleury without a rebound.
16:56 of 2nd period - Sam Bennett wins face-off versus Oliver Bjorkstrand in San Jose Sharks zone.
17:03 of 2nd period - Slapshot by Brady Tkachuk.
17:03 of 2nd period - Deflect By Josh Bailey.
17:03 of 2nd period - Stopped by Marc-Andre Fleury with a rebound.
17:05 of 2nd period - Slapshot by Sam Bennett.
17:05 of 2nd period - Shot Blocked by Ryan Hartman.
17:07 of 2nd period - Wrist shot by Brady Tkachuk.
17:07 of 2nd period - Shot Misses the Net.
17:09 of 2nd period - Slapshot by Ryan Pulock.
17:09 of 2nd period - Stopped by Marc-Andre Fleury without a rebound.
17:10 of 2nd period - Sam Bennett wins face-off versus Andreas Athanasiou in San Jose Sharks zone.
17:13 of 2nd period - Snap shot by Brady Tkachuk.
17:13 of 2nd period - Stopped by Marc-Andre Fleury without a rebound.
17:14 of 2nd period - Sam Bennett wins face-off versus Andreas Athanasiou in San Jose Sharks zone.
17:27 of 2nd period - Snap shot by Jesper Fast.
17:27 of 2nd period - Shot Misses the Net.
18:24 of 2nd period - Tanner Pearson is hit by Nicolas Roy and loses puck.
18:37 of 2nd period - Snap shot by Pierre Engvall.
18:37 of 2nd period - Shot Misses the Net.
18:51 of 2nd period - Slapshot by Jesper Fast.
18:51 of 2nd period - Stopped by Cam Talbot with a rebound.
19:17 of 2nd period - Derek Forbort is hit by Cody Ceci.
19:38 of 2nd period - Snap shot by Craig Smith.
19:38 of 2nd period - Stopped by Marc-Andre Fleury without a rebound.
19:39 of 2nd period - Adam Henrique wins face-off versus Andreas Athanasiou in San Jose Sharks zone.
19:42 of 2nd period - Slapshot by Andrew Mangiapane.
19:42 of 2nd period - Stopped by Marc-Andre Fleury without a rebound.
19:43 of 2nd period - Adam Henrique wins face-off versus Andreas Athanasiou in San Jose Sharks zone.
Goals for this period are 0 for Toronto Maple Leafs vs 2 for San Jose Sharks.
Shots for this period are 18 for Toronto Maple Leafs vs 14 for San Jose Sharks.
3rd period
0:01 of 3rd period - Ryan Hartman wins face-off versus Adam Henrique in neutral zone.
0:04 of 3rd period - Slapshot by Henri Jokiharju.
0:04 of 3rd period - Deflect By Adam Henrique.
0:04 of 3rd period - Stopped by Cam Talbot without a rebound.
0:04 of 3rd period - Minor Penalty to Cam Talbot for Slashing.
0:05 of 3rd period - Ryan Strome wins face-off versus Scott Laughton in Toronto Maple Leafs zone.
0:24 of 3rd period - Scott Laughton is hit by Jakob Silfverberg and loses puck.
0:43 of 3rd period - Slapshot by Ryan Strome.
0:43 of 3rd period - Stopped by Cam Talbot without a rebound.
0:44 of 3rd period - Nicolas Roy wins face-off versus Ryan Hartman in Toronto Maple Leafs zone.
1:24 of 3rd period - Snap shot by Nicolas Roy.
1:24 of 3rd period - Stopped by Marc-Andre Fleury with a rebound.
2:04 of 3rd period - Penalty to Adam Henrique is over, Adam Henrique is back on ice.
2:13 of 3rd period - Adam Henrique is hit by David Savard and loses puck.
2:36 of 3rd period - Snap shot by Sonny Milano.
2:36 of 3rd period - Deflect By Oskar Sundqvist.
2:36 of 3rd period - Stopped by Cam Talbot without a rebound.
2:37 of 3rd period - Sam Bennett wins face-off versus Oskar Sundqvist in Toronto Maple Leafs zone.
2:46 of 3rd period - Wrist shot by Sonny Milano.
2:46 of 3rd period - Stopped by Cam Talbot with a rebound.
3:10 of 3rd period - Oliver Bjorkstrand is hit by Dougie Hamilton and loses puck.
3:29 of 3rd period - David Savard is hit by Kyle Okposo and loses puck.
3:48 of 3rd period - Snap shot by Andreas Athanasiou.
3:48 of 3rd period - Shot Misses the Net.
3:50 of 3rd period - Slapshot by Jesper Fast.
3:50 of 3rd period - Stopped by Cam Talbot with a rebound.
3:52 of 3rd period - Slapshot by Tobias Bjornfot.
3:52 of 3rd period - Shot Blocked by Scott Laughton.
4:11 of 3rd period - Sam Bennett is hit by Oskar Sundqvist and loses puck.
4:28 of 3rd period - Wrist shot by Ryan Strome.
4:28 of 3rd period - Shot Misses the Net.
4:30 of 3rd period - Backhand shot by Anthony DeAngelo.
4:30 of 3rd period - Goal by Anthony DeAngelo - Toronto Maple Leafs : 3 - San Jose Sharks : 3.
4:31 of 3rd period - Ryan Hartman wins face-off versus Adam Henrique in neutral zone.
4:34 of 3rd period - Backhand shot by Oliver Bjorkstrand.
4:34 of 3rd period - Stopped by Cam Talbot with a rebound.
4:47 of 3rd period - Icing by Andrew Mangiapane.
4:48 of 3rd period - Ryan Strome wins face-off versus Adam Henrique in Toronto Maple Leafs zone.
4:51 of 3rd period - Wrist shot by William Karlsson.
4:51 of 3rd period - Stopped by Cam Talbot with a rebound.
5:01 of 3rd period - Snap shot by Andrew Mangiapane.
5:01 of 3rd period - Deflect By Kyle Okposo.
5:01 of 3rd period - Shot Misses the Net.
5:01 of 3rd period - Puck is out of play.
5:02 of 3rd period - Sam Bennett wins face-off versus Ryan Hartman in San Jose Sharks zone.
5:35 of 3rd period - Slapshot by Anthony DeAngelo.
5:35 of 3rd period - Shot Misses the Net.
5:37 of 3rd period - Slapshot by Jesper Fast.
5:37 of 3rd period - Stopped by Cam Talbot without a rebound.
5:38 of 3rd period - Ryan Hartman wins face-off versus Adam Henrique in Toronto Maple Leafs zone.
5:51 of 3rd period - Snap shot by Adam Henrique.
5:51 of 3rd period - Stopped by Marc-Andre Fleury with a rebound.
6:21 of 3rd period - Icing by Sam Bennett.
6:22 of 3rd period - Brady Tkachuk wins face-off versus Andreas Athanasiou in Toronto Maple Leafs zone.
7:09 of 3rd period - Snap shot by Ryan Strome.
7:09 of 3rd period - Stopped by Cam Talbot with a rebound.
7:11 of 3rd period - Wrist shot by Slater Koekkoek.
7:11 of 3rd period - Stopped by Cam Talbot with a rebound.
7:13 of 3rd period - Wrist shot by Jakob Silfverberg.
7:13 of 3rd period - Stopped by Cam Talbot with a rebound.
7:21 of 3rd period - Snap shot by Jakob Silfverberg.
7:21 of 3rd period - Shot Hit the Post.
7:39 of 3rd period - Wrist shot by Michael Bunting.
7:39 of 3rd period - Stopped by Cam Talbot with a rebound.
7:41 of 3rd period - Slapshot by Anthony DeAngelo.
7:41 of 3rd period - Shot Misses the Net.
7:51 of 3rd period - Henri Jokiharju is hit by Kyle Okposo and loses puck.
7:58 of 3rd period - Slapshot by Andrew Mangiapane.
7:58 of 3rd period - Shot Misses the Net.
8:00 of 3rd period - Snap shot by Adam Henrique.
8:00 of 3rd period - Stopped by Marc-Andre Fleury with a rebound.
8:02 of 3rd period - Backhand shot by Andrew Mangiapane.
8:02 of 3rd period - Goal by Andrew Mangiapane - Toronto Maple Leafs : 4 - San Jose Sharks : 3.
8:03 of 3rd period - Adam Henrique wins face-off versus Ryan Hartman in neutral zone.
8:12 of 3rd period - Snap shot by Andrew Mangiapane.
8:12 of 3rd period - Shot Blocked by Derek Forbort.
8:24 of 3rd period - Minor Penalty to Ryan Hartman for Hooking.
8:25 of 3rd period - Sam Bennett wins face-off versus Oliver Bjorkstrand in San Jose Sharks zone.
8:30 of 3rd period - Wrist shot by Troy Terry.
8:30 of 3rd period - Goal by Troy Terry - Toronto Maple Leafs : 5 - San Jose Sharks : 3.
8:31 of 3rd period - Ryan Strome wins face-off versus Adam Henrique in neutral zone.
8:37 of 3rd period - Icing by Andrew Mangiapane.
8:38 of 3rd period - Ryan Strome wins face-off versus Andrew Mangiapane in Toronto Maple Leafs zone.
8:41 of 3rd period - Slapshot by Ryan Strome.
8:41 of 3rd period - Shot Misses the Net.
8:45 of 3rd period - Snap shot by Ryan Strome.
8:45 of 3rd period - Stopped by Cam Talbot with a rebound.
8:47 of 3rd period - Wrist shot by William Karlsson.
8:47 of 3rd period - Shot Misses the Net.
8:49 of 3rd period - Wrist shot by Ryan Strome.
8:49 of 3rd period - Stopped by Cam Talbot without a rebound.
8:50 of 3rd period - Ryan Hartman wins face-off versus Sam Bennett in Toronto Maple Leafs zone.
9:24 of 3rd period - Snap shot by Ryan Strome.
9:24 of 3rd period - Stopped by Cam Talbot with a rebound.
9:26 of 3rd period - Snap shot by Henri Jokiharju.
9:26 of 3rd period - Shot Blocked by Dougie Hamilton.
9:26 of 3rd period - Dougie Hamilton from Toronto Maple Leafs is injured at 9:26 of 3rd period (Bruised Left Leg).
9:27 of 3rd period - Jesper Fast wins face-off versus Sam Bennett in Toronto Maple Leafs zone.
9:34 of 3rd period - Slapshot by Michael Bunting.
9:34 of 3rd period - Stopped by Cam Talbot without a rebound.
9:35 of 3rd period - Sam Bennett wins face-off versus Andreas Athanasiou in Toronto Maple Leafs zone.
9:35 of 3rd period - Sam Bennett is hit by Michael Bunting.
10:52 of 3rd period - Wrist shot by Jesper Fast.
10:52 of 3rd period - Shot Misses the Net.
11:00 of 3rd period - Wrist shot by Jesper Fast.
11:00 of 3rd period - Stopped by Cam Talbot without a rebound.
11:01 of 3rd period - Adam Henrique wins face-off versus Ryan Hartman in Toronto Maple Leafs zone.
11:01 of 3rd period - Adam Henrique is hit by Oliver Bjorkstrand.
11:57 of 3rd period - Icing by Luke Schenn.
11:58 of 3rd period - Ryan Strome wins face-off versus Nicolas Roy in Toronto Maple Leafs zone.
12:15 of 3rd period - Snap shot by Craig Smith.
12:15 of 3rd period - Stopped by Marc-Andre Fleury with a rebound.
12:27 of 3rd period - Slapshot by Pierre Engvall.
12:27 of 3rd period - Shot Misses the Net.
13:29 of 3rd period - Jesper Fast is hit by Sam Bennett.
13:35 of 3rd period - Snap shot by Jesper Fast.
13:35 of 3rd period - Deflect By Michael Bunting.
13:35 of 3rd period - Shot Misses the Net.
13:35 of 3rd period - Puck is out of play.
13:36 of 3rd period - Adam Henrique wins face-off versus Ryan Hartman in Toronto Maple Leafs zone.
14:03 of 3rd period - Tobias Bjornfot is hit by Sam Bennett and loses puck.
14:54 of 3rd period - Snap shot by Sonny Milano.
14:54 of 3rd period - Deflect By Oskar Sundqvist.
14:54 of 3rd period - Stopped by Cam Talbot without a rebound.
14:55 of 3rd period - Ryan Hartman wins face-off versus Adam Henrique in Toronto Maple Leafs zone.
15:31 of 3rd period - Slapshot by Jesper Fast.
15:31 of 3rd period - Deflect By Michael Bunting.
15:31 of 3rd period - Stopped by Cam Talbot without a rebound.
15:32 of 3rd period - Oskar Sundqvist wins face-off versus Scott Laughton in Toronto Maple Leafs zone.
15:45 of 3rd period - Snap shot by Troy Terry.
15:45 of 3rd period - Shot Misses the Net.
15:47 of 3rd period - Backhand shot by Cody Ceci.
15:47 of 3rd period - Deflect By Trevor Zegras.
15:47 of 3rd period - Goal by Trevor Zegras - Toronto Maple Leafs : 6 - San Jose Sharks : 3.
15:48 of 3rd period - Sam Bennett wins face-off versus Ryan Strome in neutral zone.
16:01 of 3rd period - Snap shot by William Karlsson.
16:01 of 3rd period - Shot Blocked by Sam Bennett.
16:03 of 3rd period - Slapshot by Henri Jokiharju.
16:03 of 3rd period - Shot Blocked by Brady Tkachuk.
16:45 of 3rd period - Snap shot by Troy Terry.
16:45 of 3rd period - Shot Misses the Net.
17:41 of 3rd period - Slapshot by Oskar Sundqvist.
17:41 of 3rd period - Shot Blocked by Kyle Okposo.
17:48 of 3rd period - Minor Penalty to Luke Schenn for Hooking.
17:49 of 3rd period - Scott Laughton wins face-off versus Ryan Strome in Toronto Maple Leafs zone.
17:59 of 3rd period - Wrist shot by William Karlsson.
17:59 of 3rd period - Stopped by Cam Talbot without a rebound.
18:00 of 3rd period - Andrew Mangiapane wins face-off versus Ryan Strome in Toronto Maple Leafs zone.
18:00 of 3rd period - Andrew Mangiapane is hit by William Karlsson.
19:48 of 3rd period - Penalty to Luke Schenn is over, Luke Schenn is back on ice.
19:58 of 3rd period - Wrist shot by Luke Schenn.
19:58 of 3rd period - Stopped by Marc-Andre Fleury with a rebound.
Goals for this period are 3 for Toronto Maple Leafs vs 1 for San Jose Sharks.
Shots for this period are 8 for Toronto Maple Leafs vs 21 for San Jose Sharks.
Back to the Top